 Dungeon Crawl Stone Soup version 0.31-a0-177-g4aa6249778 (webtiles) character file.

Game seed: 2673639846831321566

147 qw the Chopper (level 5, 0/32 HPs)
             Began as a Gargoyle Fighter on June 18, 2023.
             Slain by a wraith (6 damage)
             ... in an ossuary.
             The game lasted 00:01:08 (2358 turns).

qw the Chopper (Gargoyle Fighter)                   Turns: 2358, Time: 00:01:09

Health: 0/32       AC: 15    Str: 21    XL:     5   Next: 29%
Magic:  5/5        EV:  7    Int:  9    God:
Gold:   115        SH:  4    Dex:  9    Spells: 4/4 levels left

rFire   . . .        Y - +0 war axe (freeze)
rCold   . . .        c - +0 buckler
rNeg    + . .        l - +0 chain mail
rPois   inf          (no helmet)
rElec   +            (no cloak)
rCorr   .            h - +1 pair of gloves
SInv    .            (no boots)
Will    .....        (no amulet) Stlth
                     (no ring)
HPRegen 0.25/turn    (no ring)
MPRegen 0.09/turn

%: no passive effects
@: slowed, very slow
A: sickness immunity, AC +4, negative energy resistance 1, electricity
resistance, torment resistance 1, petrification resistance
a: no special abilities


You were in an ossuary.
You visited 1 branch of the dungeon, and saw 4 of its levels.
You also visited: Ossuary.

You collected 115 gold pieces.


Innate Abilities, Weirdness & Mutations

You are immune to sickness and miasma.
Your stone body is resilient. (AC +4)
You are immune to poison.
You resist negative energy. (rN+)
You are resistant to electric shocks. (rElec)
You are resistant to unholy torment.
You are immune to petrification.


   Skills:
 - Level 3.2 Fighting
 + Level 4.8 Axes
 - Level 3.2 Armour
 - Level 3.2 Shields


You had 4 spell levels left.
You didn't know any spells.
Your spell library was empty.

Inventory:

Hand Weapons
 e - a +0 mace
 Y - a +0 war axe of freezing (weapon)
Armour
 c - a +0 buckler (worn)
 h - a +1 pair of gloves (worn)
 l - a +0 chain mail (worn)
Wands
 o - a wand of digging (4)
Scrolls
 b - a scroll of blinking {unknown}
 f - 2 scrolls of identify
 i - a scroll of enchant weapon {unknown}
 m - a scroll of silence {unknown}
 q - a scroll of fog {unknown}
Potions
 a - a potion of cancellation
 d - 3 potions of might
 g - a potion of haste {unknown}
 j - a potion of enlightenment
 k - 3 potions of heal wounds {unknown}
 n - 2 potions of magic {unknown}
 p - a potion of degeneration {unknown}

Dungeon Overview and Level Annotations

Branches:
Dungeon (4/15)            Ossuary (1/1)
 Temple: D:4-7

Altars:
Wu Jian


Message History

You hit the wraith but do no damage.
The wraith is lightly damaged.
The wraith barely misses you. You block the wraith's attack.
You hit the wraith but do no damage.
The wraith is lightly damaged.
The wraith hits you but does no damage. The wraith hits you!
The wraith drains your vigour!
You feel as though you will be slow longer.
You hit the wraith but do no damage.
The wraith is lightly damaged.
The wraith hits you! The wraith drains your vigour!
You feel as though you will be slow longer.
The wraith hits you but does no damage.
You hit the wraith. You freeze the wraith.
The wraith is moderately damaged.
The wraith hits you but does no damage. The wraith completely misses you.
You hit the wraith but do no damage.
The wraith is moderately damaged.
The wraith hits you but does no damage.
You barely miss the wraith.
The wraith is lightly damaged.
The wraith hits you but does no damage. You block the wraith's attack.
You slash the wraith! You freeze the wraith.
The wraith is severely damaged.
The wraith hits you but does no damage. You block the wraith's attack.
You hit the wraith but do no damage.
The wraith is severely damaged.
The wraith closely misses you. You block the wraith's attack.
You hit the wraith but do no damage.
The wraith is severely damaged.
You block the wraith's attack. The wraith hits you but does no damage.
You hit the wraith.
The wraith is severely damaged.
The wraith completely misses you. x2
You closely miss the wraith.
The wraith is severely damaged.
The wraith hits you. The wraith drains your vigour!
You feel as though you will be slow longer.
The wraith hits you.
You die...

###############
#............@#
#.)##.###.##W.#
#.#.#.#z#.#.#.#
#.###.###.###.#
#.............#
#.............#
#.###.....###.#
#.#z#.....# #.#
#.###.....###.#


You could see a wraith.

Vanquished Creatures
  A wight (Ossuary)
  Terence (D:3)
  An adder (D:2)
  An adder zombie (Ossuary)
  A worm (D:2)
  A dart slug (D:1)
  3 orcs (D:3)
  4 endoplasms
  A giant cockroach (D:2)
  4 goblins
  3 hobgoblins
  4 jackals (D:1)
  3 kobolds
  4 ball pythons
  2 bats
  A frilled lizard (D:2)
  3 hobgoblin skeletons (Ossuary)
  A hobgoblin zombie (Ossuary)
  2 kobold zombies (Ossuary)
  An orc skeleton (Ossuary)
  2 orc zombies (Ossuary)
  4 rats
48 creatures vanquished.

Notes
Turn   | Place    | Note
-------+----------+-------------------------------------------
     0 | D:1      | qw the Gargoyle Fighter began the quest for the Orb.
     0 | D:1      | Reached XP level 1. HP: 14/14 MP: 1/1
     0 | D:1      | 0 ||| qw: Version: 0.3-a-5-g6f28e65
     0 | D:1      | 0 ||| qw: Game counter: 643
     0 | D:1      | 0 ||| qw: Always use a shield: true
     0 | D:1      | 0 ||| qw: God list: Okawaru
     0 | D:1      | 0 ||| qw: Allow faded altars: false
     0 | D:1      | 0 ||| qw: Do Orc after D:15 true
     0 | D:1      | 0 ||| qw: Do second Lair branch before Depths: true
     0 | D:1      | 0 ||| qw: Lair rune preference: random
     0 | D:1      | 0 ||| qw: Plans: Normal, Zot:1-4, Slime:5, God:TSO, Crypt,
                  | Tomb, Abyss, Pan, Hells, Win
     0 | D:1      | 0 ||| PLANNING D:1-11
    93 | D:1      | Reached skill level 2 in Axes
   412 | D:1      | Reached XP level 2. HP: 18/19 MP: 2/2
   913 | D:1      | Reached skill level 3 in Axes
   998 | D:1      | 998 ||| UPGRADING to +0 pair of gloves.
  1003 | D:1      | 1003 ||| READING scroll labelled VACHOI GODAQA.
  1004 | D:1      | 1004 ||| READING 2 scrolls labelled ELAUFU XO QAM.
  1104 | D:2      | Found an ornate altar of the Wu Jian Council.
  1167 | D:2      | 1167 ||| Stepping ~*~*~tactically~*~*~ (hiding).
  1168 | D:2      | 1168 ||| Stepping ~*~*~tactically~*~*~ (hiding).
  1170 | D:2      | 1170 ||| Stepping ~*~*~tactically~*~*~ (hiding).
  1185 | D:2      | HP: 4/19 [hobgoblin/+2 spear of venom (4)]
  1189 | D:2      | Reached XP level 3. HP: 3/23 MP: 3/3
  1202 | D:2      | 1202 ||| FLEEEEING.
  1203 | D:2      | 1203 ||| FLEEEEING.
  1204 | D:2      | 1204 ||| FLEEEEING.
  1205 | D:2      | 1205 ||| FLEEEEING.
  1207 | D:2      | 1207 ||| FLEEEEING.
  1208 | D:2      | 1208 ||| FLEEEEING.
  1209 | D:2      | 1209 ||| FLEEEEING.
  1210 | D:2      | 1210 ||| FLEEEEING.
  1213 | D:2      | 1213 ||| FLEEEEING.
  1214 | D:2      | 1214 ||| FLEEEEING.
  1215 | D:2      | 1215 ||| FLEEEEING.
  1216 | D:2      | 1216 ||| FLEEEEING.
  1220 | D:2      | 1220 ||| FLEEEEING.
  1221 | D:2      | 1221 ||| FLEEEEING.
  1222 | D:2      | 1222 ||| FLEEEEING.
  1224 | D:2      | 1224 ||| STAIRDANCE
  1274 | D:1      | 1274 ||| READING scroll labelled TITARUNEHY.
  1275 | D:1      | 1275 ||| DRINKING 2 cyan potions.
  1276 | D:1      | 1276 ||| DRINKING 2 dark potions.
  1331 | D:2      | 1331 ||| DROPPING +0 club.
  1451 | D:2      | 1451 ||| Stepping ~*~*~tactically~*~*~ (stealth).
  1628 | D:2      | 1628 ||| Stepping ~*~*~tactically~*~*~ (stealth).
  1629 | D:2      | 1629 ||| Stepping ~*~*~tactically~*~*~ (stealth).
  1695 | D:2      | 1695 ||| READING scroll of enchant armour.
  1695 | D:2      | 1695 ||| ENCHANTING +0 pair of gloves.
  1897 | D:2      | 1897 ||| UPGRADING to +0 chain mail.
  1907 | D:2      | 1907 ||| DROPPING +0 scale mail.
  1908 | D:2      | 1908 ||| READING 2 scrolls labelled ECASAEVUNE.
  1909 | D:2      | 1909 ||| READING scroll labelled UTAUPP MEPETHRE.
  1910 | D:2      | 1910 ||| READING scroll labelled LOFAANOFENG.
  1911 | D:2      | 1911 ||| READING 2 scrolls of identify.
  1911 | D:2      | 1911 ||| IDENTIFYING fizzy white potion
  1912 | D:2      | 1912 ||| DROPPING scroll of amnesia.
  1913 | D:2      | 1913 ||| DROPPING potion of ambrosia.
  1920 | D:3      | Noticed Terence
  1928 | D:3      | Killed Terence
  1929 | D:3      | Reached skill level 4 in Axes
  1929 | D:3      | Reached XP level 4. HP: 19/28 MP: 4/4
  2103 | D:3      | You fall into a shaft and drop 1 floor!
  2103 | D:4      | Found a sand-covered staircase.
  2104 | D:4      | 2104 ||| PLANNING OSSUARY
  2112 | Ossuary  | Entered an ossuary
  2204 | Ossuary  | Noticed a flying skull
  2204 | Ossuary  | Noticed a wraith
  2238 | Ossuary  | Noticed a flying skull
  2239 | Ossuary  | Noticed a flying skull
  2253 | Ossuary  | Reached XP level 5. HP: 13/32 MP: 5/5
  2341 | Ossuary  | Noticed a wraith
  2350 | Ossuary  | HP: 6/32 [wraith (7)]
  2358 | Ossuary  | HP: 6/32 [wraith (4)]
  2358 | Ossuary  | Slain by a wraith

Levels and vault maps discovered:
D:1:      dpeg_arrival_tiny_a, layout_basic, serial_bayou_crossing
D:2:      layout_basic, basic_altar, nicolae_kite_square_tiling_tiny
D:3:      layout_rooms, shapermc_ecumenical_altar_mp_ritualfount, uniq_terence,
          uniq_jessica
D:4:      layout_cave_pools, lightli_ossuary_entry_decrepit_ruins, uniq_grinder
Ossuary:  ossuary_due_cavern

Skill      XL: |  1  2  3 |
---------------+----------+-----
Axes           | 2 3 4 |  4.8
Fighting       | |  3.2
Armour         | |  3.2
Shields        | |  3.2

Action                     |  1- 3 |  4- 6 || total
---------------------------+-------+-------++-------
  Melee: War axe           |    98 |    59 ||   157
    Use: Scroll            |     8 |       ||     8
         Potion            |     2 |       ||     2
 Armour: Scale mail        |    36 |       ||    36
         Chain mail        |     2 |    40 ||    42
  Dodge: Dodged            |    49 |    17 ||    66
  Block: Buckler           |    19 |    11 ||    30

Table legend:
 A = Non-vault XP
 B = Vault XP
 C = Vault XP percentage of total XP
 D = Non-vault monster count
 E = Vault monster count
 F = Vault count percentage of total count
                 A         B        C        D         E       F
            +---------+---------+-------+---------+---------+-------
      Total |      81 |     130 |  61.6 |      36 |      12 |  25.0
            +---------+---------+-------+---------+---------+-------
        D:1 |      30 |       0 |   0.0 |      16 |       0 |   0.0
        D:2 |      39 |       0 |   0.0 |      15 |       0 |   0.0
        D:3 |      12 |      36 |  75.0 |       5 |       1 |  16.7
    Ossuary |       0 |      94 | 100.0 |       0 |      11 | 100.0
            +---------+---------+-------+---------+---------+-------
